 Dungeon Crawl Stone Soup version 0.28-a0-850-g09de17f5b5 (webtiles) character file.

Game seed: 10073197323182066979

1145 Tumi the Geomancer (level 8, -2/42 HPs)
             Began as a Gargoyle Earth Elementalist on Nov 14, 2021.
             Was a Follower of Vehumet.
             Slain by a kobold (4 damage)
             ... on level 6 of the Dungeon on Nov 22, 2021.
             The game lasted 00:38:58 (5847 turns).

Tumi the Geomancer (Gargoyle Earth Elementalist)    Turns: 5847, Time: 00:38:58

Health: -2/42      AC: 11    Str:  9    XL:     8   Next: 37%
Magic:  15/15      EV: 11    Int: 20    God:    Vehumet [*.....]
Gold:   71         SH:  0    Dex: 12    Spells: 13/19 levels left

rFire   + + .      SeeInvis .   e - +1 mace
rCold   . . .      Faith    .   (no shield)
rNeg    + . .      Spirit   .   p - +1 leather armour "Qimoos" {rF+ Str-3 Int+4}
rPois   ∞          Reflect  .   (no helmet)
rElec   +          Harm     .   (no cloak)
rCorr   .          Rampage  .   g - +0 pair of gloves
Will    +....                   f - +0 pair of boots
Stlth   +++.......              (no amulet)
HPRegen 0.14/turn               d - ring of protection from fire
MPRegen 0.14/turn               n - ring of willpower

@: no status effects
A: sickness immunity, AC +5, negative energy resistance 1, electricity
resistance, torment resistance 1, petrification resistance, thin skeletal
structure 1, dopey 1, low mp 1
a: Renounce Religion


You were on level 6 of the Dungeon.
You worshipped Vehumet.
Vehumet was aware of your devotion.
You visited 1 branch of the dungeon, and saw 6 of its levels.

You collected 245 gold pieces.
You spent 174 gold pieces at shops.

Inventory:

Hand Weapons
 e - a +1 mace (weapon)
 h - a +0 dagger of speed
 k - a +0 dagger
Missiles
 c - 60 stones
Armour
 b - a +0 robe
 f - a +0 pair of boots (worn)
 g - a +0 pair of gloves (worn)
 p - the +1 leather armour "Qimoos" (worn) {rF+ Str-3 Int+4}
   (You took it off an orc on level 4 of the Dungeon)

   Str:       It affects your strength (-3).
   Int:       It affects your intelligence (+4).
   rF:        It protects you from fire.
Jewellery
 d - a ring of protection from fire (left hand)
 n - a ring of willpower (right hand)
Wands
 l - a wand of polymorph (3)
Scrolls
 i - 3 scrolls of enchant weapon
 q - a scroll of identify
Potions
 a - a potion of curing
 j - 2 potions of heal wounds
 m - a potion of ambrosia
 o - a potion of might


   Skills:
 + Level 0.4 Fighting
 + Level 1.4 Armour
 + Level 2.0 Dodging
 + Level 3.6 Stealth
 + Level 6.3 Spellcasting
 + Level 1.0 Conjurations
 + Level 0.7 Transmutations
 + Level 8.0 Earth Magic


You had 13 spell levels left.
You knew the following spells:

 Your Spells              Type           Power      Damage    Failure   Level
a - Sandblast             Erth           76%        2d16      1%          1
b - Stone Arrow           Conj/Erth      48%        3d10      6%          3
c - Passwall              Tmut/Erth      19%        N/A       3%          2

Your spell library contained the following spells:

 Spells                   Type           Power      Damage    Failure   Level
 Shock                    Conj/Air       32%        1d5       11%         1
 Petrify                  Tmut/Erth      23%        N/A       22%         4


Dungeon Overview and Level Annotations

Branches:
Dungeon (6/15)
 Temple: D:4-7

Altars:
Vehumet
Wu Jian

Shops:
D:5 !(([


Innate Abilities, Weirdness & Mutations

You are immune to sickness and miasma.
Your stone body is resilient. (AC +5)
You are immune to poison.
You resist negative energy. (rN+)
You are resistant to electric shocks. (rElec)
You are resistant to unholy torment.
You are immune to petrification.
You have a somewhat thin skeletal structure. (Dex +2, Stealth+)
You are dopey. (Int -2)
Your magical capacity is low. (-10% MP)


Message History

The kobold brigand hits you with a +0 dagger.
The kobold hits you but does no damage.
The kobold hits you with a +0 short sword.
The kobold hits you but does no damage. The kobold barely misses you.
The kobold brigand hits you but does no damage.
The kobold closely misses you.
The kobold hits you but does no damage. x2
The kobold completely misses you.
The kobold brigand hits you but does no damage.
The kobold misses you. x2; The kobold hits you but does no damage.
The kobold hits you but does no damage.
The kobold brigand hits you with a +0 dagger.
The kobold hits you but does no damage. The kobold barely misses you.
The kobold closely misses you. The kobold barely misses you.
The kobold brigand hits you with a +0 dagger.
* * * LOW HITPOINT WARNING * * *
The kobold barely misses you. The kobold hits you but does no damage.
The kobold hits you with a +0 dagger.
* * * LOW HITPOINT WARNING * * *
The kobold hits you but does no damage. The kobold brigand barely misses you.
The kobold hits you but does no damage.
The kobold hits you with a +0 short sword.
* * * LOW HITPOINT WARNING * * *
The kobold barely misses you. The kobold closely misses you.
The kobold brigand hits you with a +0 dagger.
* * * LOW HITPOINT WARNING * * *
The kobold hits you but does no damage. The kobold barely misses you. x2
The kobold closely misses you. The kobold brigand closely misses you.
The kobold barely misses you.
The kobold hits you with a +0 short sword.
* * * LOW HITPOINT WARNING * * *
The kobold hits you but does no damage.
The kobold hits you with a +0 short sword.
* * * LOW HITPOINT WARNING * * *
The kobold brigand hits you but does no damage.
The kobold hits you but does no damage.
The kobold hits you with a +0 short sword.
You die...

#.# # #<# .# #
###.##..# .#
#.......#..#
#.#.###....#
#.#.##...#.# #
#........#
.###.#.K#(..#.#
#.......@K.....(
#####.#KKK......
#...........
#.......!...
##.........#
##...#....#
##?.#..[.#
#..###...


You could see a kobold brigand and 4 kobolds.

Vanquished Creatures
  Eustachio (D:5)
  Menkaure (D:5)
  A black bear (D:4)
  3 ogres
  A bullfrog zombie (D:5)
  4 hounds
  An orc priest (D:4)
  A jelly (D:4)
  Jessica (D:2)
  Ijyb (D:5)
  2 orc wizards
  An iguana (D:4)
  A hound skeleton (D:5)
  6 gnolls
  4 adders
  2 worms
  4 dart slugs
  9 orcs
  4 ball pythons
  4 bats
  4 endoplasms
  5 giant cockroaches
  5 goblins
  4 hobgoblins
  2 jackals (D:2)
  3 kobolds
  3 quokkas
  5 frilled lizards
  5 rats
88 creatures vanquished.

Notes
Turn   | Place    | Note
-------+----------+-------------------------------------------
     0 | D:1      | Tumi the Gargoyle Earth Elementalist began the quest for
                  | the Orb.
     0 | D:1      | Reached XP level 1. HP: 10/10 MP: 3/3
   138 | D:1      | Reached skill level 4 in Earth Magic
   170 | D:1      | Reached XP level 2. HP: 15/15 MP: 3/5
   521 | D:1      | Found a faded altar of an unknown god.
   770 | D:1      | Reached XP level 3. HP: 19/19 MP: 3/6
  1008 | D:2      | Gained mutation: You are dopey. (Int -2) [potion of
                  | mutation]
  1008 | D:2      | Gained mutation: You have a somewhat thin skeletal
                  | structure. (Dex +2, Stealth+) [potion of mutation]
  1008 | D:2      | Gained mutation: Your magical capacity is low. (-10% MP)
                  | [potion of mutation]
  1213 | D:2      | Noticed Jessica
  1223 | D:2      | Killed Jessica
  1282 | D:2      | Learned a level 3 spell: Stone Arrow
  1551 | D:2      | Reached XP level 4. HP: 24/24 MP: 3/7
  2352 | D:3      | Learned a level 2 spell: Passwall
  3188 | D:4      | Reached skill level 5 in Earth Magic
  3218 | D:4      | Noticed an ogre
  3222 | D:4      | Killed an ogre
  3223 | D:4      | Reached XP level 5. HP: 28/28 MP: 1/9
  3356 | D:4      | Reached XP level 6. HP: 32/32 MP: 7/11
  3560 | D:4      | Noticed a black bear
  3569 | D:4      | Killed a black bear
  3570 | D:4      | Reached skill level 6 in Earth Magic
  3570 | D:4      | Reached XP level 7. HP: 34/36 MP: 6/12
  3649 | D:4      | Identified the +1 leather armour "Qimoos" {rF+ Str-3 Int+4}
  3976 | D:4      | Reached skill level 5 in Spellcasting
  4110 | D:4      | Found a radiant altar of Vehumet.
  4110 | D:4      | Found an ornate altar of the Wu Jian Council.
  4119 | D:4      | Became a worshipper of Vehumet
  4233 | D:5      | Entered Level 5 of the Dungeon
  4368 | D:5      | Found Larphoz's Weapon Shoppe.
  4374 | D:5      | Noticed Eustachio
  4387 | D:5      | Killed Eustachio
  4497 | D:5      | Reached skill level 7 in Earth Magic
  4701 | D:5      | Noticed Menkaure
  4703 | D:5      | Reached skill level 1 in Armour
  4709 | D:5      | Killed Menkaure
  4710 | D:5      | Reached XP level 8. HP: 24/42 MP: 6/15
  5069 | D:5      | Found Efumaa's Antique Armour Shoppe.
  5357 | D:5      | Found Noss's Antique Weapon Boutique.
  5386 | D:5      | Bought 20 stones for 24 gold pieces
  5424 | D:5      | Found Paipta Baosch's Distillery.
  5430 | D:5      | Bought 2 potions of heal wounds for 150 gold pieces
  5435 | D:5      | Noticed Ijyb
  5548 | D:4      | Reached skill level 1 in Conjurations
  5685 | D:5      | Killed Ijyb
  5685 | D:5      | Reached * piety under Vehumet
  5685 | D:5      | Offered knowledge of Shock by Vehumet.
  5686 | D:5      | Reached skill level 8 in Earth Magic
  5847 | D:6      | HP: 2/42 [kobold (2)]
  5847 | D:6      | Slain by a kobold

Illustrated notes

Levels and vault maps discovered:
D:1:      shiori_arrival_maze, layout_loops_ring,
          dreamdust_ecumenical_altar_hidden_monk_grotto, lemuel_old_faithful
D:2:      layout_basic, uniq_jessica
D:3:      layout_rooms, grunt_ministairs_10, kennysheep_cross_room
D:4:      layout_rooms, minitemple
D:5:      layout_layer_cave, serial_shops, shop, shop,
          nicolae_shop_behind_doors, shop_fountains, bh_walls_and_bars,
          uniq_eustachio, uniq_ijyb, uniq_menkaure
D:6:      layout_loops_ring

Skill      XL: |  1  2  3  4  5  6  7  8 |
---------------+-------------------------+-----
Earth Magic    | 4 5 6 7 8 |  8.0
Spellcasting   | 3 4 6 |  6.3
Stealth        | 3 |  3.6
Dodging        | 2 |  2.0
Armour         | 1 |  1.4
Conjurations   | 1 |  1.0
Fighting       | |  0.4
Transmutations | |  0.7

Action                   |  1- 3 |  4- 6 |  7- 9 || total
-------------------------+-------+-------+-------++-------
Melee: Mace              |       |     3 |    12 ||    15
 Cast: Sandblast         |    33 |    44 |    45 ||   122
       Stone Arrow       |     1 |     1 |    33 ||    35
       Passwall          |       |     1 |       ||     1
  Use: Scroll            |     2 |     4 |     4 ||    10
       Potion            |     1 |       |       ||     1
Armor: Robe              |     2 |     5 |     2 ||     9
       Leather armour    |       |       |    50 ||    50
Dodge: Dodged            |     5 |    14 |    57 ||    76

Table legend: (Time is in decaauts)
 A = Elapsed time spent in this place.
 B = Non-inter-level travel time spent in this place.
 C = Inter-level travel time spent in this place.
 D = Time resting spent in this place.
 E = Time spent auto-exploring this place.
 F = Levels seen in this place.
 G = Mean time per level.
                   A        B        C        D        E       F      G
               +--------+--------+--------+--------+--------+-----+--------+
         Total |   5858 |   5647 |    211 |   1841 |   2579 |   6 |  976.3 |
       Dungeon |   5858 |   5647 |    211 |   1841 |   2579 |   6 |  976.3 |
               +--------+--------+--------+--------+--------+-----+--------+

Top non-repeatable levels by time:
     D:4: 1371 daAuts
     D:5: 1238 daAuts
     D:2: 1231 daAuts
     D:1: 1007 daAuts
     D:3: 979 daAuts
     D:6: 29 daAuts
